AoeStats
← TIMVP

Black Forest

508364316Analyzed
2v2 RM · 10d ago on Sep 22, 2026· 59m 53s· 4 players
Game mode
Random Map
Map size
Medium (4 player)
Population
200
Speed
Normal
Resources
Standard
Victory
Conquest
Starting age
Dark Age
Ending age
Imperial Age
RankedLock teamsTeams togetherTeam positionsShared explorationLock speedFull tech treeHidden civsTurbo modeCheats
Victory
Defeat
🇵🇪 Romans · Peru
723
+15
🇵🇪 Celts · Peru
710
+16
🇺🇸 Koreans · United States
708
-16
🇳🇮 Saracens · Nicaragua
699
-15
radii
0:26 Loom
12:54 Feudal Age
14:15 Wheelbarrow
13:30 Double-Bit Axe
13:30 Horse Collar
24:25 Castle Age
25:26 Hand Cart
25:28 Bow Saw
25:24 Heavy Plow
25:55 Caravan
29:48 Treadmill Crane
30:17 Gold Mining
31:59 Town Watch
34:47 Imperial Age
32:10 Fletching
34:33 Ballistics
34:11 Bodkin Arrow
36:32 Chemistry
35:44 Masonry
35:59 Conscription
35:40 Eupseong
36:39 Gold Shaft Mining
36:33 Capped Ram
37:39 Elite Skirmisher
40:00 Thumb Ring
40:48 Arrowslits
41:14 Fortified Wall
43:32 Bracer
46:19 Scale Mail Armor
46:29 Forging
46:53 Architecture
46:18 Murder Holes
48:19 Siege Engineers
chingon
0:42 Loom
13:41 Feudal Age
14:40 Double-Bit Axe
16:31 Horse Collar
23:15 Castle Age
21:40 Stone Mining
24:53 Scale Barding Armor
24:59 Forging
24:50 Padded Archer Armor
24:40 Fletching
27:15 Bow Saw
30:55 Caravan
31:14 Heavy Plow
32:25 Pikeman
33:06 Squires
32:52 Gambesons
32:53 Arson
34:45 Husbandry
34:56 Bloodlines
40:21 Imperial Age
38:17 Chain Barding Armor
38:33 Iron Casting
38:26 Leather Archer Armor
38:06 Bodkin Arrow
41:18 Fortified Wall
42:09 Plate Barding Armor
46:10 Town Watch
47:01 Wheelbarrow
47:08 Wheelbarrow
46:08 Crossbowman
46:54 Thumb Ring
47:55 Chemistry
47:16 Ballistics
47:02 Siege Engineers
47:22 Town Patrol
47:03 Arbalester
48:44 Bodkin Arrow
49:21 Ring Archer Armor
49:15 Gold Mining
49:35 Bracer
51:07 Blast Furnace
51:15 Heavy Camel Rider
53:42 Gold Shaft Mining
57:20 Capped Ram
A†ilA
0:29 Loom
12:35 Feudal Age
13:58 Wheelbarrow
14:08 Double-Bit Axe
19:55 Horse Collar
23:01 Castle Age
23:01 Castle Age
27:03 Hand Cart
29:58 Imperial Age
28:06 Heavy Plow
28:32 Bow Saw
33:35 Conscription
35:37 Capped Ram
42:49 Forging
42:39 Scale Mail Armor
48:44 Iron Casting
48:24 Chain Mail Armor
52:28 Siege Ram
52:32 Elite Woad Raider
57:37 Caravan
TIMVP
0:29 Loom
12:52 Feudal Age
13:36 Double-Bit Axe
15:00 Wheelbarrow
15:14 Man-at-Arms
25:15 Castle Age
24:04 Gold Mining
30:05 Stone Mining
31:48 Ballistas
32:06 Bow Saw
33:25 Ballistics
36:27 Imperial Age
34:00 Long Swordsman
36:50 Scale Mail Armor
38:19 Heavy Scorpion
42:55 Legionary
45:31 Chemistry
44:44 Masonry
44:47 Capped Ram
50:01 Chain Mail Armor
49:58 Forging
56:56 Scale Barding Armor
57:27 Iron Casting
Connection lost

Rejoining the realm…

Still unreachable

The connection could not be restored.

Session expired

The server has moved on; the page needs a fresh start.